 Dungeon Crawl Stone Soup version 0.28.0-43-g3370ac3207 (webtiles) character file.

Game seed: 14064129738557142365

309 terff the Grasshopper (level 6, -2/51 HPs)
             Began as a Gnoll Warper on Apr 1, 2022.
             Was a Follower of Cheibriados.
             Slain by a lemure (7 damage)
             ... led by Pikel
             ... on level 4 of the Dungeon.
             The game lasted 00:06:38 (3313 turns).

terff the Grasshopper (Gnoll Warper)                Turns: 3313, Time: 00:06:40

Health: -2/51      AC: 29    Str: 10    XL:     6   Next: 41%
Magic:  14/14      EV: -3    Int: 16    God:    Cheibriados [*.....]
Gold:   167        SH:  0    Dex: 14    Spells: 15/15 levels left

rFire   + . .      SeeInvis .   o - +8 dagger of the Land of Plenty {protect, rPois rC+ Str-5}
rCold   + + +      Faith    .   (no shield)
rNeg    . . .      Spirit   .   n - +9 scales of the Dragon King {rPois rF+ rC+ Will+}
rPois   +          Reflect  .   (no helmet)
rElec   .          Harm     .   (no cloak)
rCorr   .          Rampage  .   (no gloves)
Will    +....                   (no boots)
Stlth   ..........              (no amulet)
HPRegen 0.17/turn               e - ring of protection from cold
MPRegen 0.14/turn               (no ring)

@: under a protective aura, very slow
A: fangs 1, strong nose, distributed training
a: Renounce Religion, Bend Time


You were on level 4 of the Dungeon.
You worshipped Cheibriados.
Cheibriados was aware of your devotion.
You visited 1 branch of the dungeon, and saw 4 of its levels.

You collected 167 gold pieces.

Inventory:

Hand Weapons
 a - a +0 hand axe
 o - the +8 dagger of the Land of Plenty (weapon) {protect, rPois rC+ Str-5}
   (You found it on level 2 of the Dungeon)

   It grants its wielder temporary protection when it strikes (+7 to AC).
   Str:       It affects your strength (-5).
   rC:        It protects you from cold.
   rPois:     It protects you from poison.
Missiles
 d - 5 boomerangs of dispersal (quivered)
 f - a silver boomerang
 g - 3 boomerangs
Armour
 n - the +9 scales of the Dragon King (worn) {rPois rF+ rC+ Will+}
   (You found it on level 2 of the Dungeon)

   rF:        It protects you from fire.
   rC:        It protects you from cold.
   rPois:     It protects you from poison.
   Will:      It increases your willpower.
Jewellery
 e - a ring of protection from cold (left hand)
Wands
 k - a wand of iceblast (6)
Scrolls
 j - a scroll of teleportation {unknown}
 m - a scroll of torment {unknown}
 s - a scroll of silence {unknown}
 t - a scroll of amnesia {unknown}
 u - 2 scrolls of fear
Potions
 b - a potion of brilliance {unknown}
 i - a potion of attraction
 l - a potion of magic
 p - a potion of flight
 q - 2 potions of haste {unknown}
 r - 4 potions of curing


   Skills:
 + Level 5.0 Fighting
 + Level 2.0 Short Blades
 + Level 2.0 Long Blades
 + Level 5.0 Axes
 + Level 2.0 Maces & Flails
 + Level 2.0 Polearms
 + Level 2.0 Staves
 + Level 2.0 Slings
 + Level 2.0 Bows
 + Level 2.0 Crossbows
 + Level 3.2 Throwing
 + Level 3.2 Armour
 + Level 5.0 Dodging
 + Level 2.0 Stealth
 + Level 2.0 Shields
 + Level 2.0 Unarmed Combat
 + Level 5.3 Spellcasting
 + Level 1.5 Conjurations
 + Level 1.5 Hexes
 + Level 1.5 Summonings
 + Level 1.5 Necromancy
 + Level 5.6 Translocations
 + Level 1.5 Transmutations
 + Level 1.5 Fire Magic
 + Level 1.5 Ice Magic
 + Level 1.5 Air Magic
 + Level 1.5 Earth Magic
 + Level 1.5 Poison Magic
 + Level 2.1 Invocations
 + Level 2.0 Evocations


You had 15 spell levels left.
You didn't know any spells.
Your spell library contained the following spells:

 Spells                   Type           Power      Damage    Failure   Level
 Apportation              Tloc           44%        N/A       100%        1
 Foxfire                  Conj/Fire      36%        2x1d5     100%        1
 Sting                    Tmut/Pois      36%        1d4       100%        1
 Summon Small Mammal      Summ           36%        N/A       100%        1
 Blink                    Tloc           44%        N/A       100%        2
 Poisonous Vapours        Pois/Air       18%        N/A       100%        2
 Sublimation of Blood     Necr           9%         N/A       100%        2
 Wereblood                Tmut           9%         N/A       100%        2
 Call Canine Familiar     Summ           9%         N/A       100%        3
 Conjure Flame            Conj/Fire      9%         6-21      100%        3
 Gell's Gravitas          Tloc           22%        N/A       100%        3
 Inner Flame              Hex/Fire       9%         N/A       100%        3
 Lesser Beckoning         Tloc           22%        N/A       100%        3
 Summon Guardian Golem    Hex/Summ       9%         N/A       100%        3
 Teleport Other           Tloc           22%        N/A       100%        3
 Flame Wave               Conj/Fire      9%         2d5       100%        4
 Olgreb's Toxic Radiance  Pois           9%         N/A       100%        4
 Alistair's Intoxication  Tmut/Pois      6%         N/A       100%        5
 Manifold Assault         Tloc           22%        N/A       100%        5
 Summon Hydra             Summ           4%         N/A       100%        7


Dungeon Overview and Level Annotations

Branches:
Dungeon (4/15)
 Temple: D:4-7

Altars:
Cheibriados

Annotations:
D:4 Pikel


Innate Abilities, Weirdness & Mutations

You have very sharp teeth.
Your uncanny sense of smell can sniff out nearby items.
Your experience applies equally to all skills.


Message History

The lemure hits your hound.
Your adder bites the lemure but does no damage.
Your hound barely misses the lemure.
The lemure barely misses your hound.
Your hound bites the lemure but does no damage.
Your hound bites the lemure.
Your hound closely misses the lemure.
Your adder barely misses the lemure.
Your hound bites the lemure.
The lemure barely misses your hound.
Your hound bites the lemure.
The lemure hits your hound!
Pikel hits you with a +2 whip of freezing.
* * * LOW HITPOINT WARNING * * *
Your adder bites the lemure.
You closely miss Pikel. You punch Pikel. Your bite misses Pikel.
Pikel is moderately wounded.
Your hound barely misses the lemure.
Your adder bites the lemure but does no damage.
The lemure hits your hound!
Your hound dies!
Your hound's corpse dissolves into shadows!
Pikel hits you but does no damage.
You closely miss Pikel. Your bite misses Pikel.
Pikel is moderately wounded.
Pikel hits you with a +2 whip of freezing.
* * * LOW HITPOINT WARNING * * *
You hit Pikel but do no damage.
Your weapon exudes an aura of protection.
Pikel is moderately wounded.
The lemure hits you but does no damage. x2
You hit Pikel. You bite Pikel, but do no damage.
Pikel is moderately wounded.
Pikel zaps a wand.
The puff of flame hits you but does no damage.
Your adder bites the lemure but does no damage.
The lemure hits you but does no damage. x2
You closely miss Pikel.
Pikel is moderately wounded.
Your adder bites the lemure.
Pikel zaps a wand.
The puff of flame hits you. You resist.
* * * LOW HITPOINT WARNING * * *
The lemure hits you but does no damage. The lemure hits you!
You die...

....................
#.................#
#................# #
.................# ..
............5..### ##...
...............####..... .....
..............S......... .....
....##.........5K....# .....
....##.........5@..## )....
...##.....#....5...# .....
#.........#....##### .....
#...)...#))....# .....
##.#....#.)....######..... .....
###......###.....#............##
#.......###................
#......#.###.#.......#....
#..###.#...#..#...........## ##


You could see Pikel, 4 lemures and a friendly adder (summoned).

Vanquished Creatures
  A kobold brigand (D:4)
  Jessica (D:3)
  Natasha (thrice) (D:2)
  A hound skeleton (D:4)
  A mummy (D:3)
  2 adders
  An ufetubus (D:4)
  A dart slug (D:2)
  12 orcs
  12 endoplasms
  3 giant cockroaches
  4 goblins
  4 hobgoblins
  6 kobolds
  5 quokkas
  5 ball pythons
  4 bats
  2 frilled lizards
  3 rats
  A spectral hobgoblin (D:3)
72 creatures vanquished.

Notes
Turn   | Place    | Note
-------+----------+-------------------------------------------
     0 | D:1      | terff the Gnoll Warper began the quest for the Orb.
     0 | D:1      | Reached XP level 1. HP: 20/20 MP: 6/6
   270 | D:1      | Reached XP level 2. HP: 26/26 MP: 7/7
  1038 | D:2      | Reached XP level 3. HP: 27/31 MP: 9/9
  1077 | D:2      | Reached skill level 5 in Spellcasting
  1346 | D:2      | Found the +9 scales of the Dragon King {rPois rF+ rC+
                  | Will+}
  1384 | D:2      | Identified the +8 dagger of the Land of Plenty {protect,
                  | rPois rC+ Str-5}
  1509 | D:2      | Noticed Natasha
  1517 | D:2      | Killed Natasha
  1518 | D:2      | Reached skill level 1 in Short Blades
  1518 | D:2      | Reached skill level 1 in Long Blades
  1518 | D:2      | Reached skill level 1 in Maces & Flails
  1518 | D:2      | Reached skill level 1 in Polearms
  1518 | D:2      | Reached skill level 1 in Staves
  1518 | D:2      | Reached skill level 1 in Slings
  1518 | D:2      | Reached skill level 1 in Bows
  1518 | D:2      | Reached skill level 1 in Crossbows
  1518 | D:2      | Reached skill level 1 in Stealth
  1518 | D:2      | Reached skill level 1 in Shields
  1518 | D:2      | Reached skill level 1 in Unarmed Combat
  1518 | D:2      | Reached skill level 1 in Invocations
  1518 | D:2      | Reached skill level 1 in Evocations
  1577 | D:2      | Reached XP level 4. HP: 37/38 MP: 11/11
  1628 | D:2      | Noticed Natasha
  1640 | D:2      | Killed Natasha
  1738 | D:2      | Reached skill level 1 in Conjurations
  1738 | D:2      | Reached skill level 1 in Hexes
  1738 | D:2      | Reached skill level 1 in Summonings
  1738 | D:2      | Reached skill level 1 in Necromancy
  1738 | D:2      | Reached skill level 1 in Transmutations
  1738 | D:2      | Reached skill level 1 in Fire Magic
  1738 | D:2      | Reached skill level 1 in Ice Magic
  1738 | D:2      | Reached skill level 1 in Air Magic
  1738 | D:2      | Reached skill level 1 in Earth Magic
  1738 | D:2      | Reached skill level 1 in Poison Magic
  1858 | D:2      | Noticed Natasha
  1866 | D:2      | Killed Natasha
  1996 | D:2      | Reached XP level 5. HP: 43/43 MP: 12/12
  2225 | D:3      | Found a snail-covered altar of Cheibriados.
  2252 | D:3      | Became a worshipper of Cheibriados the Contemplative
  2285 | D:3      | Noticed Jessica
  2302 | D:3      | Killed Jessica
  2522 | D:3      | Found a faded altar of an unknown god.
  2578 | D:3      | Reached * piety under Cheibriados
  3021 | D:4      | Reached XP level 6. HP: 48/50 MP: 13/13
  3167 | D:4      | Reached skill level 5 in Fighting
  3167 | D:4      | Reached skill level 5 in Axes
  3167 | D:4      | Reached skill level 5 in Dodging
  3284 | D:4      | Noticed Pikel
  3313 | D:4      | Slain by a lemure

Illustrated notes

Levels and vault maps discovered:
D:1:      lemuel_arrival_hallway, layout_loops_ring
D:2:      layout_basic, hex_intersection, uniq_natasha
D:3:      layout_rooms, slow_altar_1, dreamdust_ecumenical_altar_drowned_temple,
          uniq_jessica
D:4:      layout_cave_pools, uniq_pikel

Skill      XL: |  1  2  3  4  5  6 |
---------------+-------------------+-----
Spellcasting   | 5 |  5.3
Short Blades   | 1 2 |  2.0
Long Blades    | 1 2 |  2.0
Maces & Flails | 1 2 |  2.0
Polearms       | 1 2 |  2.0
Staves         | 1 2 |  2.0
Slings         | 1 2 |  2.0
Bows           | 1 2 |  2.0
Crossbows      | 1 2 |  2.0
Stealth        | 1 2 |  2.0
Shields        | 1 2 |  2.0
Unarmed Combat | 1 2 |  2.0
Invocations    | 1 2 |  2.1
Evocations     | 1 2 |  2.0
Conjurations   | 1 |  1.5
Hexes          | 1 |  1.5
Summonings     | 1 |  1.5
Necromancy     | 1 |  1.5
Transmutations | 1 |  1.5
Fire Magic     | 1 |  1.5
Ice Magic      | 1 |  1.5
Air Magic      | 1 |  1.5
Earth Magic    | 1 |  1.5
Poison Magic   | 1 |  1.5
Throwing       | 3 |  3.2
Armour         | 3 |  3.2
Fighting       | 5 |  5.0
Axes           | 5 |  5.0
Dodging        | 5 |  5.0
Translocations | |  5.6

Action                   |  1- 3 |  4- 6 || total
-------------------------+-------+-------++-------
Melee: Hand axe          |    61 |       ||    61
       Bite              |     8 |    21 ||    29
       Dagger            |    15 |   175 ||   190
       Punch             |       |     6 ||     6
  Use: Scroll            |       |    10 ||    10
Armor: Plate armour      |    39 |       ||    39
       Gold dragon scale |    14 |   276 ||   290
Dodge: Dodged            |     8 |     3 ||    11
